 Dungeon Crawl Stone Soup version 0.21.1-1-g345015fe64 (webtiles) character file.

77 OlSheep the Sneak (level 4, -4/24 HPs)
             Began as a Kobold Enchanter on July 17, 2018.
             Killed by divine providence
             ... invoked by an orc priest
              (12 damage)
             ... on level 3 of the Dungeon.
             The game lasted 00:10:11 (2366 turns).

OlSheep the Sneak (Kobold Enchanter)                Turns: 2366, Time: 00:10:12

Health: -4/24      AC:  2    Str:  5    XL:     4   Next: 58%
Magic:  5/8        EV: 15    Int: 17    God:
Gold:   68         SH:  0    Dex: 15    Spells: 0/9 levels left

rFire    . . .     SeeInvis .   a - +2 dagger
rCold    . . .     Gourm    .   (shield restricted)
rNeg     . . .     Faith    .   b - +0 robe
rPois    .         Spirit   .   (no helmet)
rElec    .         Reflect  .   (no cloak)
rCorr    .         Harm     .   (no gloves)
MR       .....                  (no boots)
Stlth    +++.......             (no amulet)
HPRegen  0.08/turn              (no ring)
MPRegen  0.11/turn              (no ring)

@: lethally poisoned (-4 -> -9)
A: small, carnivore
a: no special abilities


You were on level 3 of the Dungeon.
You were completely stuffed.

You visited 1 branch of the dungeon, and saw 3 of its levels.

You collected 68 gold pieces.

Inventory:

Hand Weapons
 a - a +2 dagger (weapon)
 e - a +0 dagger of flaming
 s - a +0 rapier
Missiles
 k - 42 bolts
 m - 29 poisoned needles
Armour
 b - a +0 robe (worn)
 f - a +0 leather armour
Scrolls
 h - a scroll of enchant weapon
 i - a scroll of blinking {unknown}
 j - a scroll of fog {unknown}
 l - 2 scrolls of identify
 n - 2 scrolls of remove curse
 q - a scroll of noise {unknown}
Potions
 g - 5 potions of curing
 o - a potion of brilliance {unknown}
 p - a potion of might {unknown}
Books
 c - a book of Maledictions

   Spells                             Type                      Level
   a - Corona                         Hexes                        1
   b - Ensorcelled Hibernation        Hexes/Ice                    2
   c - Confuse                        Hexes                        3
   d - Tukima's Dance                 Hexes                        3
   e - Dazzling Spray                 Conjuration/Hexes            3
Comestibles
 d - 5 rations
 r - 2 chunks of flesh


   Skills:
 + Level 1.4 Short Blades
 - Level 2.4 Dodging
 * Level 5.0 Stealth
 + Level 3.2 Spellcasting
 + Level 3.6 Hexes
 + Level 0.3 Ice Magic


You couldn't memorise any spells.
You knew the following spells:

 Your Spells              Type           Power        Failure   Level  Hunger
a - Corona                Hex            ###....      3%          1    None
b - Ensorcelled Hibernat  Hex/Ice        #.....       11%         2    ##.....
c - Confuse               Hex            ###.....     11%         3    ###....
d - Tukima's Dance        Hex            ###.....     11%         3    ###....


Dungeon Overview and Level Annotations

Branches:
Dungeon (3/15)

Altars:
Cheibriados
Qazlal
Sif Muna
Uskayaw
Yredelemnul


Innate Abilities, Weirdness & Mutations

You are small and have problems with some larger weapons.
You are carnivorous and can eat meat at any time.


Message History

The bat is severely wounded.
The bat barely misses you.
You hit the bat.
You kill the bat!
You feel sick.
The kobold shoots a poisoned needle.
The poisoned needle closely misses you.
Casting: Ensorcelled Hibernation
Confirm with . or Enter, or press ? or * to list all spells.
Aiming: Ensorcelled Hibernation
Press: ? - help, Shift-Dir - straight line, f/p - orc
Aim: an orc (chance to defeat MR: 58%)
The kobold looks drowsy...
The helpless kobold fails to defend itself.
You impale the kobold!!
You kill the kobold!
You feel sick.
The orc priest calls down the wrath of Beogh upon you.
Beogh smites you!
Ouch! That really hurt!
You die...

#...#........#.#
#.#.#........#.#
#...........)#.#
######............#.#
..................<.#
..####............###
#o## #....##.#.#.##
...#####.......#.#
#o##...##..#.###@#
#.#.8.8.#...oo.o(#
#.#.._..##.#o#####
#.#...8.##...#
#.#'...####..#
...#####.##..#
.⌠..oo.o..o.>#
...#####..####
#.#'...##.#


You could see an orc priest and 3 orcs.

Vanquished Creatures
  2 adders
  2 oozes
  A worm (D:2)
  A leopard gecko (D:1)
  5 orcs (D:3)
  4 goblins
  4 hobgoblins (D:1)
  A quokka (D:2)
  2 ball pythons
  6 bats
  3 frilled lizards
  6 kobolds
  8 rats
45 creatures vanquished.

Notes
Turn   | Place    | Note
-------+----------+-------------------------------------------
     0 | D:1      | OlSheep the Kobold Enchanter began the quest for the Orb.
     0 | D:1      | Reached XP level 1. HP: 10/10 MP: 3/3
     3 | D:1      | Noticed a minotaur zombie
     5 | D:1      | Noticed a minotaur zombie
    10 | D:1      | Noticed a minotaur zombie
   278 | D:1      | Reached XP level 2. HP: 15/15 MP: 1/5
   284 | D:1      | Learned a level 2 spell: Ensorcelled Hibernation
   706 | D:1      | Reached XP level 3. HP: 17/19 MP: 0/7
   725 | D:1      | Learned a level 3 spell: Confuse
  1743 | D:3      | Reached XP level 4. HP: 24/24 MP: 8/8
  2043 | D:3      | Learned a level 3 spell: Tukima's Dance
  2067 | D:3      | Found a basalt altar of Yredelemnul.
  2085 | D:3      | Found a hide-covered altar of Uskayaw.
  2090 | D:3      | Found a deep blue altar of Sif Muna.
  2093 | D:3      | Found a stormy altar of Qazlal.
  2107 | D:3      | Reached skill level 5 in Stealth
  2175 | D:3      | Found a snail-covered altar of Cheibriados.
  2366 | D:3      | Killed from afar by an orc priest

Skill      XL: |  1  2  3  4 |
---------------+-------------+-----
Spellcasting   | 3 |  3.2
Stealth        | 5 |  5.0
Short Blades   | |  1.4
Dodging        | |  2.4
Hexes          | |  3.6
Ice Magic      | |  0.3

Action                   |  1- 3 |  4- 6 || total
-------------------------+-------+-------++-------
Melee: Dagger            |    64 |    22 ||    86
 Cast: Corona            |     9 |       ||     9
       Ensorcelled Hiber |    20 |    15 ||    35
       Confuse           |     2 |       ||     2
  Use: Scroll            |     3 |       ||     3
 Stab: Sleeping          |    20 |    13 ||    33
  Eat: Chunk             |    12 |     3 ||    15
Armor: Robe              |     4 |     6 ||    10
Dodge: Dodged            |    39 |    29 ||    68
